 Dungeon Crawl Stone Soup version 0.30-b1-2-g02819fbbbe (webtiles) character file.

Game seed: 6634998283698596397

1243 redmage the Geomancer (level 9, -3/64 HPs)
             Began as a Meteoran Earth Elementalist on Aug 3, 2023.
             Was a Follower of Cheibriados.
             Slain by a troll (15 damage)
             ... on level 7 of the Dungeon.
             The game lasted 00:15:39 (973 turns).

redmage the Geomancer (Meteoran Earth Elementalist)  Turns: 973, Time: 00:15:39

Health: -3/64      AC:  2    Str: 14    XL:     9   Next: 6%
Magic:  1/14       EV: 13    Int: 21    God:    Cheibriados [*.....]
Gold:   150        SH:  7    Dex: 17    Spells: 8/14 levels left

rFire   . . .        u - +5 flail (venom)
rCold   . . .        v - +2 buckler
rNeg    . . .        a - +0 robe
rPois   .            (no helmet)
rElec   .            (no cloak)
rCorr   .            (no gloves)
SInv    .            (no boots)
Will    +....        (no amulet)
Stlth   +            (no ring)
HPRegen 0.30/turn    (no ring)
MPRegen 0.14/turn

%: no passive effects
@: mighty, very slightly contaminated, glowing, very slow
A: sense surroundings 2, otherworldly, glowing, explore regen
a: Renounce Religion, Bend Time


You were on level 7 of the Dungeon.
You worshipped Cheibriados.
Cheibriados was aware of your devotion.
You visited 2 branches of the dungeon, and saw 8 of its levels.

You collected 150 gold pieces.

Inventory:

Hand Weapons
 u - a +5 flail of venom (weapon)
Armour
 a - a +0 robe (worn)
 v - a +2 buckler (worn)
Jewellery
 f - an amulet of faith
 j - a ring of fire
Wands
 s - a wand of acid (9)
 t - a wand of mindburst (15)
Scrolls
 h - a scroll of vulnerability {unknown}
 i - a scroll of magic mapping {unknown}
 o - a scroll of enchant weapon {unknown}
 p - a scroll of blinking {unknown}
 r - 2 scrolls of identify {unknown}
Potions
 b - a potion of magic
 c - a potion of brilliance {unknown}
 d - a potion of invisibility {unknown}
 e - a potion of might
 g - 3 potions of curing
 k - a potion of flight {unknown}
 l - a potion of mutation {unknown}
 m - a potion of attraction {unknown}
 n - a potion of degeneration {unknown}
 q - a potion of cancellation {unknown}


   Skills:
 + Level 1.4 Fighting
 * Level 2.9 Maces & Flails
 + Level 1.6 Armour
 + Level 3.1 Dodging
 - Level 1.4 Stealth
 * Level 2.4 Shields
 - Level 3.1 Spellcasting
 + Level 6.9 Conjurations
 - Level 2.0 Transmutations
 + Level 8.3 Earth Magic


You had 8 spell levels left.
You knew the following spells:

 Your Spells              Type           Power      Damage    Failure   Level
a - Sandblast             Erth           76%        2d16      1%          1
b - Passwall              Tmut/Erth      20%        N/A       3%          2
c - Stone Arrow           Conj/Erth      70%        3d11      2%          3

Your spell library contained the following spells:

 Spells                   Type           Power      Damage    Failure   Level
 Momentum Strike          Conj/Tloc      34%        3d8       6%          2
 Petrify                  Tmut/Erth      25%        N/A       21%         4
 Blink                    Tloc           6%         N/A       26%         2
 Cigotuvi's Dreadful Rot  Necr/Pois/Air  6%         N/A       26%         2
 Lesser Beckoning         Tloc           6%         N/A       26%         2
 Dispel Undead            Necr           3%         3d7       86%         4
 Death Channel            Necr           1%         N/A       100%        6


Dungeon Overview and Level Annotations

Branches:
Dungeon (7/15) Zot: 4999   Temple (1/1) D:4 Zot: 769

Altars:
Ashenzari
Cheibriados
Dithmenos
Elyvilon
Kikubaaqudgha
Makhleb
Nemelex Xobeh
Okawaru
Qazlal
Sif Muna
Trog
Uskayaw
Vehumet
Wu Jian
Zin

Annotations:
D:2 exclusion: upstairs
D:7 1 runed translucent door


Innate Abilities, Weirdness & Mutations

You passively map the area around you.
You are easily found by Zot.
You glow in the dark.
You regain HP and MP as you explore.


Message History

You miscast Stone Arrow.
You are very lightly contaminated with residual magic.
Nothing appears to happen.
Unknown command.
Unknown command.
Unknown command.
Casting: Stone Arrow (dangerous; 2% risk of failure)
Confirm with . or Enter, or press ? or * to list all spells.
Aiming: Sandblast (safe; 1% risk of failure)
Press: ? - help, Shift-Dir - straight line, f/p - troll
Aim: a troll (84% to hit)
The blast of sand misses the troll.
Unknown command.
Unknown command.
Unknown command.
Unknown command.
Aiming: Corrosive Bolt
Press: ? - help, Shift-Dir - straight line, f/p - troll
Aim: a troll (71% to hit)
The bolt of acid hits the troll!
The troll is lightly wounded.
Unknown command.
You barely miss the troll.
The troll is lightly wounded.
The troll bites you! You block the troll's attack. The troll claws you.
The troll bites you!! The troll claws you!
* * * LOW HITPOINT WARNING * * *
The troll claws you.
* * * LOW HITPOINT WARNING * * *
Okay, then.
Unknown command.
It was a potion of curing.
You feel better. The troll bites you.
* * * LOW HITPOINT WARNING * * *
You block the troll's attack. The troll claws you!
* * * LOW HITPOINT WARNING * * *
It was a potion of might.
You feel very mighty all of a sudden.
You block the troll's attack. x2; The troll completely misses you.
You feel better. The troll bites you!
You die...

######.8+8 #..##.##.. *
.......#.### * #..##.#* *
* .....$.#..+ #..##.## , ,
.......#.. , #.###..### ,
,,.......#.##* #.# ##...#
* )......8'8#,, #.# #.#..
..........#⌠ ,##.####.###
..........######...)...#
*,........T@.........#####
#####....####......#
###### ######## ,*


You could see a troll.

Vanquished Creatures
  Menkaure (D:5)
  Edmund (D:5)
  A sky beast (D:7)
  2 centaurs
  2 phantoms
  A bullfrog (D:7)
  2 scorpions
  3 wights (D:7)
  2 orc priests (D:5)
  3 hounds (D:5)
  An orc wizard (D:5)
  An iguana (D:5)
  4 adders
  2 worms
  4 dart slugs
  9 orcs
  A bat (D:3)
  2 endoplasms
  3 giant cockroaches (D:4)
  A goblin (D:3)
  2 hobgoblins
  2 kobolds
  4 ball pythons
  A frilled lizard (D:2)
55 creatures vanquished.

Vanquished Creatures (others)
  5 toadstools (D:3)
5 creatures vanquished.

Grand Total: 60 creatures vanquished

Notes
Turn   | Place    | Note
-------+----------+-------------------------------------------
     0 | D:1      | redmage the Meteoran Earth Elementalist began the quest for
                  | the Orb.
     0 | D:1      | Reached XP level 1. HP: 14/14 MP: 5/5
   136 | D:3      | Reached XP level 2. HP: 20/20 MP: 3/6
   144 | D:3      | Reached skill level 4 in Earth Magic
   174 | D:3      | Reached XP level 3. HP: 26/26 MP: 3/8
   178 | D:3      | Learned a level 2 spell: Passwall
   182 | D:3      | Learned a level 3 spell: Stone Arrow
   208 | D:3      | You fall into a shaft and drop 1 floor!
   362 | D:5      | Entered Level 5 of the Dungeon
   365 | D:5      | Reached skill level 1 in Conjurations
   365 | D:5      | Reached XP level 4. HP: 33/33 MP: 6/9
   365 | D:5      | Noticed a scorpion
   381 | D:4      | Noticed a phantom
   389 | D:4      | Killed a phantom
   390 | D:4      | Reached skill level 5 in Earth Magic
   390 | D:4      | Reached XP level 5. HP: 34/38 MP: 3/10
   406 | D:5      | Noticed a centaur
   457 | D:4      | Reached XP level 6. HP: 42/45 MP: 5/11
   466 | D:4      | Reached skill level 6 in Earth Magic
   567 | D:4      | Found a staircase to the Ecumenical Temple.
   577 | Temple   | Entered the Ecumenical Temple
   641 | Temple   | Became a worshipper of Cheibriados the Contemplative
   721 | D:5      | Killed a centaur
   722 | D:5      | Reached XP level 7. HP: 35/50 MP: 5/12
   800 | D:5      | Noticed Menkaure
   803 | D:5      | Killed Menkaure
   804 | D:5      | Reached skill level 5 in Conjurations
   804 | D:5      | Reached skill level 7 in Earth Magic
   813 | D:5      | Reached XP level 8. HP: 14/57 MP: 9/13
   842 | D:5      | Reached * piety under Cheibriados
   859 | D:5      | Noticed Edmund
   863 | D:5      | Killed Edmund
   864 | D:5      | Reached skill level 8 in Earth Magic
   903 | D:7      | Reached skill level 1 in Maces & Flails
   912 | D:7      | Reached skill level 1 in Shields
   914 | D:7      | Reached skill level 1 in Armour
   931 | D:7      | Reached skill level 1 in Fighting
   962 | D:7      | Gained mutation: You passively map the area around you.
                  | [Meteoran growth]
   962 | D:7      | Reached XP level 9. HP: 55/64 MP: 1/14
   963 | D:7      | Found a large runed translucent door.
   963 | D:7      | Noticed a troll
   971 | D:7      | HP: 2/64 [troll (12)]
   973 | D:7      | Slain by a troll

Illustrated notes

Levels and vault maps discovered:
D:1:      wander_arrival_desolate, layout_basic, serial_shops, shop, shop,
          dreamdust_ecumenical_altar_grove, minmay_heptomino_w4
D:2:      layout_rooms, minivault_11
D:3:      layout_basic, minmay_gold_behind_fungi, minmay_misc_feat_diagonals,
          roderic_roman_lattice, kennysheep_generic_room_12
D:4:      layout_loops_cross, minmay_temple_entry_junction
D:5:      layout_layer_cave, tso_oasis_becter, chequers_serial_rivers_micro_d,
          uniq_crazy_yiuf_cottage, uniq_menkaure, uniq_edmund
D:6:      lemuel_slime, layout_basic, nicolae_grassy_gnolls, uniq_maggie
D:7:      layout_rooms, jmf_multi_god_temple2
Temple:   mainiacjoe_temple_bowtie_tessellation

Skill      XL: |  1  2  3  4  5  6  7  8 |
---------------+-------------------------+-----
Earth Magic    | 4 5 6 7 8 |  8.3
Spellcasting   | 3 |  3.1
Transmutations | 2 |  2.0
Conjurations   | 1 3 4 5 6 |  6.9
Maces & Flails | 2 |  2.9
Shields        | 2 |  2.4
Armour         | 1 |  1.6
Fighting       | 1 |  1.4
Dodging        | 3 |  3.1
Stealth        | |  1.4

Action                     |  1- 3 |  4- 6 |  7- 9 || total
---------------------------+-------+-------+-------++-------
  Melee: Unarmed           |     1 |       |       ||     1
         Flail             |       |       |     5 ||     5
   Cast: Sandblast         |    25 |    36 |    18 ||    79
         Passwall          |     1 |     2 |     1 ||     4
         Stone Arrow       |       |     2 |    20 ||    22
  Evoke: Wand              |       |       |     1 ||     1
    Use: Scroll            |     2 |       |       ||     2
         Potion            |       |       |     4 ||     4
 Armour: Robe              |       |     6 |     1 ||     7
  Dodge: Dodged            |     2 |    21 |     7 ||    30
  Block: Buckler           |       |       |     4 ||     4
